AoeStats
← Stanko2026

Four Lakes

508547043Analyzed
1v1 RM · 9d ago on Sep 23, 2026· 29m 46s· 2 players
Game mode
Random Map
Map size
Tiny (2 player)
Population
200
Speed
Normal
Resources
Standard
Victory
Conquest
Starting age
Dark Age
Ending age
Imperial Age
RankedLock teamsTeams togetherTeam positionsShared explorationLock speedFull tech treeHidden civsTurbo modeCheats
Victory
Defeat
🇩🇪 Burgundians · Germany
736
+16
🇲🇽 Persians · Mexico
742
-16
Stanko2026
0:27 Loom
6:20 Horse Collar
8:56 Double-Bit Axe
14:15 Feudal Age
23:02 Heavy Plow
The magician171
5:26 Loom
18:33 Feudal Age
22:53 Horse Collar
23:56 Town Watch
24:21 Double-Bit Axe
Connection lost

Rejoining the realm…

Still unreachable

The connection could not be restored.

Session expired

The server has moved on; the page needs a fresh start.